 Dungeon Crawl Stone Soup version 0.30.1-11-g7821555f0a (webtiles) character file.

Game seed: 17616057383469054145

3569 H0rd4k the Trooper (level 10, -1/80 HPs)
             Began as a Human Artificer on Nov 14, 2023.
             Was an Initiate of Gozag.
             Killed by divine providence
             ... invoked by an orc priest
              (14 damage)
             ... on level 7 of the Dungeon on Nov 16, 2023.
             The game lasted 00:14:53 (10027 turns).

H0rd4k the Trooper (Human Artificer)               Turns: 10027, Time: 00:14:56

Health: -1/80      AC:  7    Str: 12    XL:     10   Next: 30%
Magic:  16/16      EV: 14    Int: 17    God:    Gozag
Gold:   1019       SH:  0    Dex: 15    Spells: 14/17 levels left

rFire   + . .        i - +4 dagger (venom)
rCold   x . .        (no shield)
rNeg    . . .        b - +0 leather armour
rPois   .            (no helmet)
rElec   .            r - +0 cloak
rCorr   +            C - +2 pair of gloves
SInv    .            (no boots)
Will    .....        (no amulet)
Stlth   +            f - ring of flight
HPRegen 0.33/turn    x - ring of the Sun {Fire rCorr Int+2}
MPRegen 0.15/turn

%: no passive effects
@: gold aura, flying
A: no striking features
a: Renounce Religion, Potion Petition, Call Merchant, Bribe Branch


You were on level 7 of the Dungeon.
You worshipped Gozag.
Gozag was most pleased with you.
You visited 2 branches of the dungeon, and saw 9 of its levels.
You also visited: Sewer and Ossuary.

You collected 1112 gold pieces.
You paid 93 gold pieces to Gozag.

Inventory:

Hand Weapons
 i - a +4 dagger of venom (weapon)
 w - a +0 dagger of flaming
 K - a +3 falchion of freezing
 P - a +1 dagger of protection
Missiles
 m - 23 poisoned darts
 G - 3 curare-tipped darts
 O - a throwing net
Armour
 b - a +0 leather armour (worn)
 r - a +0 cloak (worn)
 C - a +2 pair of gloves (worn)
Magical Staves
 D - a staff of air
Jewellery
 a - a ring of protection from cold
 f - a ring of flight (left hand)
 x - the ring of the Sun (right hand) {Fire rCorr Int+2}
   (You found it on level 5 of the Dungeon)

   [ring of fire]

   It enhances your fire magic.
   Int:       It affects your intelligence (+2).
   rF:        It protects you from fire.
   rC:        It makes you vulnerable to cold.
   rCorr:     It protects you from acid and corrosion.
 L - a ring of magical power
Wands
 e - a wand of iceblast (16)
 Q - a wand of flame (5)
Scrolls
 k - 3 scrolls of teleportation
 n - a scroll of blinking
 o - a scroll of poison
 y - a scroll of magic mapping
 A - a scroll of immolation
 M - 2 scrolls of vulnerability
 N - 2 scrolls of fear
 R - a scroll of enchant armour
 S - 3 scrolls of fog
 T - a scroll of enchant weapon
Potions
 c - 3 potions of degeneration {unknown}
 g - a potion of lignification {unknown}
 h - 2 potions of haste
 j - a potion of attraction {unknown}
 l - 2 potions of resistance
 p - 4 potions of heal wounds
 q - 3 potions of flight
 s - 4 potions of curing
 t - 3 potions of brilliance
 v - 2 potions of mutation {unknown}
 B - 2 potions of experience {unknown}
 E - 2 potions of berserk rage
 F - 3 potions of magic {unknown}
 H - a potion of invisibility {unknown}
 J - a potion of cancellation {unknown}


   Skills:
 + Level 7.7 Fighting
 - Level 7.0 Short Blades
 - Level 0.1 Maces & Flails
 - Level 2.0 Armour
 - Level 5.5 Dodging
 - Level 1.0 Stealth
 * Level 4.3 Spellcasting
 + Level 3.4 Translocations
 + Level 3.4 Fire Magic
 - Level 3.9 Evocations


You had 14 spell levels left.
You knew the following spells:

 Your Spells              Type           Power      Damage    Failure   Level
a - Volatile Blastmotes   Fire/Tloc      46%        2d13      14%         3

Your spell library contained the following spells:

 Spells                   Type           Power      Damage    Failure   Level
 Gell's Gravitas          Tloc           15%        N/A       14%         3
 Teleport Other           Tloc           15%        N/A       14%         3
 Magic Dart               Conj           12%        1d3       21%         1
 Searing Ray              Conj           6%         2d4       30%         2
 Ignite Poison            Fire/Tmut/Pois 11%        N/A       36%         3
 Iskenderun's Mystic Bla  Conj/Tloc      9%         2d4       67%         4
 Sticky Flame             Conj/Fire      14%        2d4       67%         4
 Fulminant Prism          Conj/Hex       1%         3d5       89%         4
 Lee's Rapid Deconstruct  Erth           1%         3d4*      99%         5
 Dispersal                Tloc           7%         N/A       100%        6
 Ozocubu's Refrigeration  Ice            1%         4d7       100%        7
 Ignition                 Fire           11%        3d5       100%        8
 Polar Vortex             Ice            1%         N/A       100%        9
 Simulacrum               Ice/Necr       Unusable   N/A       N/A         6

Dungeon Overview and Level Annotations

Branches:
Dungeon (8/15)             Temple (1/1) D:6           Sewer (visited)
Ossuary (visited)
   Lair: D:8-11

Altars:
Dithmenos
Elyvilon
Gozag
Hepliaklqana
Nemelex Xobeh
Qazlal
Trog
Uskayaw
Wu Jian
Xom
Zin

Shops:
D:1 *

Annotations:
D:6 1 runed translucent door, exclusion: downstairs, SacredBeard's ghost, novice HOFi


Message History

The orc warrior is heavily wounded.
You closely miss the orc warrior.
The orc warrior is heavily wounded.
The orc warrior hits you with a +0 glaive.
The orc priest looks satisfied for a moment.
You closely miss the orc warrior.
The orc warrior is severely wounded.
You hit the orc warrior.
The orc warrior is severely wounded.
The orc warrior hits you with a +0 glaive.
You hit the orc warrior.
You kill the orc warrior!
You hit the orc.
The orc is heavily wounded.
You hit the orc.
You kill the orc!
The orc priest invokes the aid of Beogh against you.
Beogh smites you!
The orc priest mumbles some strange prayers to Beogh against you.
Beogh smites you!
* * * LOW HITPOINT WARNING * * *
The orc hits you with a +0 flail.
* * * LOW HITPOINT WARNING * * *
Items here: $ )) [.
You hit the orc but do no damage.
The orc is poisoned.
The gnoll sergeant barely misses you.
The orc priest calls upon Beogh to heal the orc.
The orc's wounds heal themselves!
The orc hits you with a +0 flail.
* * * LOW HITPOINT WARNING * * *
You hit the orc.
The orc looks as sick as possible!
The orc is heavily wounded.
You hit the orc.
The orc looks as sick as possible!
The orc is almost dead.
You kill the orc!
The gnoll sergeant hits you from afar with a +0 trident.
* * * LOW HITPOINT WARNING * * *
The orc priest invokes the aid of Beogh against you.
Beogh smites you!
You die...
Your body crumbles into a pile of gold.

####...#.#############.#
#...#.######### #.#
#.............# #.#
#...#.#####.### #.########
#...#.# #.#######........#
#...#.# #.##.............'
#...#.# #$##.####........#
#...#.# #$##.#....#..##.#.
#...#.# #@##......#.###..#
#...#.#####$####g##o..###...
#..........og.oog.o<#.##....
#.#.#.#######.##....#.#.#..#
#.#.#.# #.#..>..#.#......#
#.#.#.#####.#..............#
#.#.........#.....'...).....
#.###.#####.#.....#..#######
#.# #.............#.#.##


You could see a gnoll sergeant and an orc priest.

Vanquished Creatures
  Maggie (D:7)
  2 yaks (D:7)
  2 water moccasins
  4 orc warriors (D:7)
  A sky beast (D:7)
  2 centaurs
  2 ogres
  6 kobold brigands (Sewer)
  4 bullfrogs
  A scorpion (D:4)
  A wight (D:6)
  5 howler monkeys
  An orc priest (D:7)
  3 hounds
  An iguana (D:4)
  4 sleepcaps
  5 orc wizards
  11 mummies (Ossuary)
  5 adders
  3 river rats (Sewer)
  7 gnolls
  2 ufetubi
  A worm (D:3)
  3 dart slugs
  29 orcs
  4 bats
  13 endoplasms
  7 giant cockroaches
  6 goblins
  5 hobgoblins
  3 jackals (D:5)
  8 kobolds
  7 quokkas
  9 ball pythons
  A frilled lizard (D:3)
  3 gnoll skeletons (Ossuary)
  2 goblin skeletons (Ossuary)
  3 kobold skeletons (Ossuary)
  10 rats
  11 rat skeletons (Ossuary)
198 creatures vanquished.

Vanquished Creatures (collateral kills)
  A yak (D:7)
  6 gnolls
  An orc (D:7)
8 creatures vanquished.

Vanquished Creatures (others)
  A yak (D:7)
  A water moccasin (D:7)
  A gnoll sergeant (D:8)
  A wight (D:6)
  A howler monkey (D:8)
  A gnoll bouda (D:5)
  An orc wizard (D:7)
  A mummy (Ossuary)
  A gnoll (D:8)
9 creatures vanquished.

Grand Total: 215 creatures vanquished

Notes
Turn   | Place    | Note
-------+----------+-------------------------------------------
     0 | D:1      | H0rd4k the Human Artificer began the quest for the Orb.
     0 | D:1      | Reached XP level 1. HP: 15/15 MP: 1/1
   161 | D:1      | Reached XP level 2. HP: 16/21 MP: 2/2
   477 | D:1      | Found Usinn's Assorted Antiques.
   486 | D:1      | Reached XP level 3. HP: 26/26 MP: 3/3
  1130 | D:2      | Reached skill level 1 in Short Blades
  1696 | D:3      | Reached XP level 4. HP: 29/32 MP: 4/4
  1829 | D:3      | Found a stormy altar of Qazlal.
  1921 | D:3      | Found a faded altar of an unknown god.
  2266 | D:4      | Noticed a scorpion
  2275 | D:4      | Killed a scorpion
  2276 | D:4      | Reached XP level 5. HP: 27/38 MP: 5/5
  2988 | D:4      | Reached XP level 6. HP: 23/46 MP: 6/6
  3502 | D:5      | Entered Level 5 of the Dungeon
  3553 | D:5      | Noticed a water moccasin
  3568 | D:5      | Killed a water moccasin
  3569 | D:5      | Reached XP level 7. HP: 28/52 MP: 7/7
  3854 | D:5      | Identified the ring of the Sun {Fire rCorr Int+2}
  3906 | D:5      | Reached skill level 5 in Short Blades
  4631 | D:6      | Reached XP level 8. HP: 11/60 MP: 8/8
  4640 | D:6      | Found a glowing drain.
  4700 | Sewer    | Entered a sewer
  5238 | Sewer    | Reached skill level 5 in Dodging
  5717 | D:6      | Found a white marble altar of Elyvilon.
  5739 | D:6      | Found a hide-covered altar of Uskayaw.
  6019 | D:6      | Found a staircase to the Ecumenical Temple.
  6059 | Temple   | Entered the Ecumenical Temple
  6072 | Temple   | Became a worshipper of Gozag Ym Sagoz the Greedy
  6134 | D:6      | Found a runed translucent door.
  6137 | D:6      | Noticed SacredBeard's ghost (novice HOFi)
  6150 | D:6      | Reached XP level 9. HP: 41/67 MP: 9/9
  6455 | D:6      | Learned a level 3 spell: Volatile Blastmotes
  6526 | D:6      | Reached skill level 5 in Fighting
  6697 | D:7      | Reached skill level 1 in Spellcasting
  6697 | D:7      | Reached skill level 1 in Translocations
  6697 | D:7      | Reached skill level 1 in Fire Magic
  6769 | D:7      | Noticed Maggie
  6853 | D:7      | Killed Maggie
  7537 | D:7      | Reached XP level 10. HP: 48/77 MP: 14/14
  7939 | D:7      | Found a runed translucent door.
  8542 | D:8      | Found a sand-covered staircase.
  8547 | Ossuary  | Entered an ossuary
  9738 | D:8      | Noticed a boulder beetle
 10027 | D:7      | Killed from afar by an orc priest

Illustrated notes

Levels and vault maps discovered:
D:1:      lemuel_arrival_river_ford, layout_basic, serial_shops,
          nicolae_shop_tiny_statue_garden
D:2:      layout_basic
D:3:      layout_basic, mainiacjoe_overflow_small_starburst,
          ebering_ecumenical_altar_box
D:4:      minmay_chambers_of_threes, layout_loops_ring, minivault_19,
          grunt_ministairs_2
D:5:      layout_loops_ring
D:6:      layout_loops_ring, mainiacjoe_overflow_big_doors,
          minmay_temple_entry_poolview, cheibrodos_sewer_entry_drain,
          ebering_ghost_reflecting_pool
D:7:      layout_basic, lightli_church_of_beogh, uniq_maggie
D:8:      layout_loops_ring, enter_ossuary_2, serial_bayou_pond_d, uniq_maurice
Temple:   mainiacjoe_temple_coin_purse

Skill      XL: |  1  2  3  4  5  6  7  8  9 10 |
---------------+-------------------------------+-----
Short Blades   | 1 2 3 4 5 6 7 |  7.0
Fighting       | 2 3 4 6 7 |  7.7
Dodging        | 2 3 4 5 |  5.5
Spellcasting   | 3 4 |  4.3
Translocations | 3 |  3.4
Fire Magic     | 3 |  3.4
Maces & Flails | |  0.1
Armour         | |  2.0
Stealth        | |  1.0
Evocations     | |  3.9

Action                     |  1- 3 |  4- 6 |  7- 9 | 10-12 || total
---------------------------+-------+-------+-------+-------++-------
  Melee: Club              |    36 |       |       |       ||    36
         Dagger            |    68 |   148 |   344 |   413 ||   973
         Punch             |       |     1 |     6 |    10 ||    17
  Evoke: Wand              |       |     7 |    27 |     9 ||    43
    Use: Scroll            |       |       |     8 |    14 ||    22
         Potion            |       |       |     1 |     1 ||     2
   Stab: Sleeping          |     6 |     4 |     1 |     2 ||    13
         Distracted        |       |       |       |     1 ||     1
 Armour: Leather armour    |    25 |    20 |    66 |    30 ||   141
  Dodge: Dodged            |    44 |    75 |   155 |   123 ||   397
